 Dungeon Crawl Stone Soup version 0.29.1-1-gd02db6906a (webtiles) character file.

Game seed: 6008462587780591285

60 safid the Shooter (level 3, -2/31 HPs)
             Began as a Minotaur Hunter on Sept 27, 2022.
             Slain by an iguana (10 damage)
             ... on level 3 of the Dungeon.
             The game lasted 00:02:30 (1503 turns).

safid the Shooter (Minotaur Hunter)                 Turns: 1503, Time: 00:02:30

Health: -2/31      AC:  4    Str: 15    XL:     3   Next: 82%
Magic:  2/2        EV: 12    Int:  6    God:
Gold:   69         SH:  0    Dex: 15    Spells: 2/2 levels left

rFire   . . .      SeeInvis .   a - +0 shortbow
rCold   . . .      Faith    .   (shield currently unavailable)
rNeg    + . .      Spirit   .   c - +0 leather armour
rPois   .          Reflect  .   (helmet restricted)
rElec   .          Harm     .   (no cloak)
rCorr   .          Rampage  .   o - +0 pair of gloves
Will    .....                   (no boots)
Stlth   +.........              (no amulet)
HPRegen 0.10/turn               l - ring of positive energy
MPRegen 0.08/turn               (no ring)

@: no status effects
A: horns 2, retaliatory headbutt
a: no special abilities


You were on level 3 of the Dungeon.
You visited 1 branch of the dungeon, and saw 3 of its levels.

You collected 99 gold pieces.
You spent 30 gold pieces at shops.

Inventory:

Hand Weapons
 a - a +0 shortbow (weapon)
Armour
 c - a +0 leather armour (worn)
 o - a +0 pair of gloves (worn)
Jewellery
 j - a ring of fire
 l - a ring of positive energy (left hand)
Scrolls
 d - a scroll of enchant weapon {unknown}
 f - a scroll of butterflies {unknown}
 g - 3 scrolls of identify
 n - a scroll of teleportation {unknown}
Potions
 h - a potion of resistance {unknown}
 i - a potion of might {unknown}
 m - a potion of ambrosia {unknown}


   Skills:
 - Level 3.0 Fighting
 + Level 5.8 Ranged Weapons
 - Level 2.1 Dodging
 - Level 0.7 Stealth


You had 2 spell levels left.
You didn't know any spells.
Your spell library contained the following spells:

 Spells                   Type           Power      Damage    Failure   Level
 Magic Dart               Conj           0%         1d3       52%         1
 Call Imp                 Summ           0%         N/A       67%         2
 Ensorcelled Hibernation  Hex/Ice        0%         N/A       67%         2
 Mephitic Cloud           Conj/Pois/Air  0%         N/A       88%         3
 Spider Form              Tmut/Pois      0%         N/A       88%         3
 Anguish                  Hex/Necr       0%         N/A       99%         4


Dungeon Overview and Level Annotations

Branches:
Dungeon (3/15)

Altars:
Dithmenos

Shops:
D:1 *   D:2 ?


Innate Abilities, Weirdness & Mutations

You have a pair of horns on your head.
You reflexively headbutt those who attack you in melee.


Message History

No target in view!
No target in view!
Found a dagger.
A bat comes into view.
You shoot an arrow. The arrow hits the bat.
The bat is heavily wounded.
You hear an angry hiss.
The bat closely misses you.
You shoot an arrow. The arrow closely misses the bat.
The bat hits you but does no damage.
An iguana comes into view.
You shoot an arrow. The arrow closely misses the bat.
The bat hits you.
You shoot an arrow. The arrow barely misses the bat.
The arrow hits the iguana.
The iguana is lightly wounded.
The bat misses you. The bat closely misses you. The iguana bites you.
You shoot an arrow. The arrow hits the bat!
You kill the bat!
The iguana bites you!
You are too injured to fight recklessly!
You are too injured to fight recklessly!
You are too injured to fight recklessly!
Fire: a) +0 shortbow
Press: ? - help, Q - select action Shift-Dir - straight line, f - iguana
Aim: an iguana (lightly wounded, 65% to hit)
You shoot an arrow. The arrow barely misses the iguana.
The iguana bites you!
* * * LOW HITPOINT WARNING * * *
Fire: a) +0 shortbow
Press: ? - help, Q - select action Shift-Dir - straight line, f/p - iguana
Aim: an iguana (lightly wounded, 65% to hit)
You shoot an arrow. The arrow barely misses the iguana.
The iguana bites you but does no damage.
Unknown command.
Fire: a) +0 shortbow
Press: ? - help, Q - select action Shift-Dir - straight line, f/p - iguana
Aim: an iguana (lightly wounded, 65% to hit)
You shoot an arrow. The arrow hits the iguana.
The iguana is moderately wounded.
The iguana bites you!
You die...

##.#.#.. ..#.#.#
..#...# ......# #.....#
###.... #### .
...##...l# ...#.
#...)$@.# ...... .
##.###..###..# ..
#.......#... #.
#........... #.# #
#..#..#..## #.#
..####..#..#...#### #.#
#............)..?.###.#
#....##....#......#.#
##.##.....#...###†.#..


You could see an iguana.

Vanquished Creatures
  An adder (D:2)
  2 worms
  3 ball pythons
  An endoplasm (D:2)
  3 giant cockroaches (D:1)
  8 goblins
  2 hobgoblins
  3 jackals (D:1)
  6 kobolds
  3 quokkas
  4 bats
  A frilled lizard (D:2)
  3 rats
40 creatures vanquished.

Vanquished Creatures (others)
  A fungus (D:2)
  A plant (D:2)
2 creatures vanquished.

Grand Total: 42 creatures vanquished

Notes
Turn   | Place    | Note
-------+----------+-------------------------------------------
     0 | D:1      | safid the Minotaur Hunter began the quest for the Orb.
     0 | D:1      | Reached XP level 1. HP: 18/18 MP: 0/0
   163 | D:1      | Reached XP level 2. HP: 20/25 MP: 1/1
   340 | D:1      | Found Duqinag's General Store.
   717 | D:2      | Reached skill level 5 in Ranged Weapons
   818 | D:2      | Found a faded altar of an unknown god.
   894 | D:2      | Reached XP level 3. HP: 31/31 MP: 2/2
   903 | D:2      | Found Vosihag's Magic Scroll Shoppe.
   914 | D:2      | Bought a scroll of noise for 10 gold pieces
   914 | D:2      | Bought a scroll of identify for 20 gold pieces
  1362 | D:3      | Found a shadowy altar of Dithmenos.
  1503 | D:3      | Slain by an iguana

Illustrated notes

Levels and vault maps discovered:
D:1:      dpeg_arrival_solitude, layout_basic, serial_shops, shop,
          grunt_decor_mini_mirrors
D:2:      layout_loops_ring, serial_shops, nicolae_shop_waterfront,
          shapermc_ecumenical_altar_ellora
D:3:      layout_rooms, grunt_dithmenos_smoke, uniq_robin

Skill      XL: |  1  2 |
---------------+-------+-----
Fighting       | 3 |  3.0
Ranged Weapons | 5 |  5.8
Dodging        | |  2.1
Stealth        | |  0.7

Action                   || total
-------------------------++-------
 Fire: Shortbow          ||   101
Armor: Leather armour    ||    11
Dodge: Dodged            ||    35
